 Dungeon Crawl Stone Soup version 0.31.0-9-g3a7656b989 (webtiles) character file.

Game seed: 13810076047354106668

241 qw the Skirmisher (level 5, -1/30 HPs)
             Began as a Deep Elf Hunter on Feb 2, 2024.
             Slain by an orc
             ... wielding a +0 spear
              (5 damage)
             ... on level 3 of the Dungeon.
             The game lasted 00:00:06 (1607 turns).

qw the Skirmisher (Deep Elf Hunter)                 Turns: 1607, Time: 00:00:07

Health: -1/30      AC:  8    Str: 13    XL:     5   Next: 80%
Magic:  7/7        EV: 11    Int: 14    God:
Gold:   115        SH:  0    Dex: 18    Spells: 4/4 levels left

rFire   . . .        a - +0 shortbow
rCold   . . .        (shield currently unavailable)
rNeg    . . .        i - +0 ring mail
rPois   .            b - +2 hat
rElec   .            (no cloak)
rCorr   .            l - +0 pair of gloves {Str+3}
SInv    .            (no boots)
Will    .....        (no amulet)
Stlth   +            (no ring)
HPRegen 0.25/turn    (no ring)
MPRegen 0.10/turn

%: no passive effects
@: no status effects
A: no striking features
a: no special abilities


You were on level 3 of the Dungeon.
You visited 1 branch of the dungeon, and saw 3 of its levels.

You collected 115 gold pieces.


   Skills:
 - Level 2.2 Fighting
 - Level 9.0 Ranged Weapons
 + Level 2.4 Dodging
 - Level 1.2 Stealth


You had 4 spell levels left.
You didn't know any spells.
Your spell library was empty.

Inventory:

Hand Weapons
 a - a +0 shortbow (weapon)
Armour
 b - a +2 hat (worn)
 i - a +0 ring mail (worn)
 l - a +0 pair of gloves of strength (worn)
Wands
 c - a wand of mindburst (11)
Potions
 e - a potion of might {unknown}
 f - a potion of enlightenment
 g - a potion of magic {unknown}
 h - 2 potions of curing
 k - a potion of lignification {unknown}
 m - a potion of ambrosia {unknown}

Dungeon Overview and Level Annotations

Branches:
Dungeon (3/15)

Altars:

Shops:
D:2 =

Annotations:
D:3 3 runed translucent doors, qw's ghost, amateur DEHu; qw's ghost, amateur SpHu


Message History

You shoot an arrow.
The arrow hits the orc priest but does no damage.
The orc priest is heavily wounded.
A rat comes into view.
The orc priest closely misses you.
You shoot an arrow. The rat squeaks loudly.
The arrow hits the orc priest.
The orc priest is severely wounded.
The orc priest calls down the wrath of Beogh upon you.
Pain shoots through your body!
You shoot an arrow. The arrow barely misses the orc priest.
The orc priest closely misses you.
The orc priest hits you but does no damage.
You shoot an arrow. The arrow barely misses the orc priest.
The orc priest hits you with a +0 hand axe.
The orc priest hits you with a +0 flail.
You shoot an arrow. The arrow hits the orc priest!
You kill the orc priest!
The orc misses you.
The orc priest casts a cantrip, but nothing happens.
Your Fighting skill increases to level 2!
You shoot an arrow.
The arrow hits the orc priest but does no damage.
The orc priest begins to cast a cantrip, but forgets the words!
The orc hits you but does no damage. The orc misses you.
You shoot an arrow.
The arrow hits the orc priest but does no damage.
An endoplasm comes into view.
The orc hits you but does no damage.
The orc throws a boomerang.
The boomerang barely misses you.
You shoot an arrow. The endoplasm quivers.
The arrow hits the orc priest but does no damage.
The rat bites you. The orc priest closely misses you.
The orc closely misses you.
The orc throws a boomerang.
The boomerang barely misses you. The rat bites you.
The orc hits you with a +0 war axe.
The orc hits you from afar with a +0 spear.
You die...

.... ..# ..
...#>...##.####
.#..#!.......#.#..
..J.#... ....#.#.#######
........#.% ...#........
...#......####..........
........................
......r#.####...........
.##o$@%####...........
......oo)......##.######
...%...........####!7}7#
...............# 8...W#
.........%..>..# ....W#
....?...#.####..# .....+
.##.#.....# ...# .....+
#.#...>.# ...# .....+
#.....# ..# .....#


You could see an orc priest, 2 orcs, an endoplasm and a rat.

Vanquished Creatures
  A phantom (D:2)
  A hound (D:3)
  An orc priest (D:3)
  Jessica (D:2)
  3 adders
  2 dart slugs
  2 orcs (D:3)
  7 ball pythons
  2 giant cockroaches (D:1)
  4 goblins
  6 hobgoblins
  5 jackals (D:1)
  2 quokkas (D:2)
  4 bats
  4 frilled lizards (D:1)
  4 kobolds
  3 rats
52 creatures vanquished.

Notes
Turn   | Place    | Note
-------+----------+-------------------------------------------
     0 | D:1      | qw the Deep Elf Hunter began the quest for the Orb.
     0 | D:1      | Reached XP level 1. HP: 12/12 MP: 3/3
     0 | D:1      | 0 ||| qw: Version: 0.3-a-155-g5e7d8dd
     0 | D:1      | 0 ||| qw: Game counter: 2717
     0 | D:1      | 0 ||| qw: Melee chars always use a shield: true
     0 | D:1      | 0 ||| qw: God list: Okawaru
     0 | D:1      | 0 ||| qw: Allow faded altars: false
     0 | D:1      | 0 ||| qw: Do Orc after clearing Dungeon:15 true
     0 | D:1      | 0 ||| qw: Do second Lair branch before Depths: true
     0 | D:1      | 0 ||| qw: Lair rune preference: random
     0 | D:1      | 0 ||| qw: Goals: Normal
     0 | D:1      | 0 ||| PLANNING D:1-11
   188 | D:1      | Reached XP level 2. HP: 16/16 MP: 4/4
   250 | D:1      | Reached skill level 6 in Ranged Weapons
   476 | D:1      | HP: 4/16 [goblin/+2 dagger of protection (1)]
   482 | D:1      | Reached XP level 3. HP: 7/20 MP: 5/5
   869 | D:1      | 869 ||| UPGRADING to +0 ring mail.
   879 | D:1      | 879 ||| DROPPING +0 leather armour.
   880 | D:1      | 880 ||| UPGRADING to +0 pair of gloves.
   885 | D:1      | 885 ||| READING scroll labelled BEQOGIHUMU.
   885 | D:1      | 885 ||| IDENTIFYING pink potion
   886 | D:1      | 886 ||| DRINKING 3 fuming cyan potions.
   887 | D:1      | 887 ||| DRINKING 3 white potions.
   888 | D:1      | 888 ||| DROPPING scroll of butterflies.
   889 | D:1      | 889 ||| DROPPING 2 potions of invisibility.
  1027 | D:2      | 1027 ||| FLEEEEING.
  1130 | D:2      | Noticed Jessica
  1139 | D:2      | Killed Jessica
  1140 | D:2      | Reached skill level 7 in Ranged Weapons
  1140 | D:2      | Reached XP level 4. HP: 10/25 MP: 6/6
  1268 | D:2      | Found Vamat's Jewellery Shoppe.
  1286 | D:2      | 1286 ||| SHOPLISTING +5 ring of evasion (396 gold, have
                  | 106).
  1286 | D:2      | 1286 ||| SHOPLISTING ring of protection from cold (275
                  | gold, have 106).
  1286 | D:2      | 1286 ||| SHOPLISTING ring of protection from fire (275
                  | gold, have 106).
  1286 | D:2      | 1286 ||| SHOPLISTING ring of see invisible (165 gold, have
                  | 106).
  1480 | D:2      | 1480 ||| UPGRADING to +2 hat.
  1485 | D:2      | 1485 ||| UPGRADING to +0 pair of gloves of strength.
  1495 | D:2      | 1495 ||| DROPPING +0 pair of gloves.
  1496 | D:2      | 1496 ||| READING scroll labelled HUSMUTAHUF.
  1513 | D:3      | Noticed a phantom
  1514 | D:3      | 1514 ||| ZAPPING wand of mindburst (14) at -2,0 (phantom;
                  | floor).
  1515 | D:3      | 1515 ||| STAIRDANCE
  1517 | D:2      | 1517 ||| ZAPPING wand of mindburst (13) at 1,-1 (phantom;
                  | floor).
  1518 | D:2      | 1518 ||| ZAPPING wand of mindburst (12) at 1,-1 (phantom;
                  | floor).
  1518 | D:2      | Killed a phantom
  1519 | D:2      | Reached skill level 8 in Ranged Weapons
  1519 | D:2      | Reached XP level 5. HP: 29/29 MP: 7/7
  1521 | D:3      | 1521 ||| STAIRDANCE
  1535 | D:3      | Found a runed translucent gate.
  1536 | D:3      | Found a runed translucent gate.
  1537 | D:3      | Found a runed translucent gate.
  1539 | D:3      | Noticed qw's ghost (amateur DEHu)
  1539 | D:3      | Noticed qw's ghost (amateur SpHu)
  1576 | D:3      | Reached skill level 9 in Ranged Weapons
  1607 | D:3      | HP: 4/30 [orc/+0 war axe (4)]
  1607 | D:3      | Slain by an orc

Levels and vault maps discovered:
D:1:      minmay_arrival_four_loops, layout_basic
D:2:      layout_loops_ring, serial_shops, shop, hex_tiny, uniq_jessica
D:3:      layout_rooms, lemuel_tele_altar, gammafunk_ghost_cemetery,
          feat_on_display, uniq_crazy_yiuf_cottage

Skill      XL: |  1  2  3  4  5 |
---------------+----------------+-----
Ranged Weapons | 6 7 8 9 |  9.0
Fighting       | 2 |  2.2
Dodging        | |  2.4
Stealth        | |  1.2

Action                     |  1- 3 |  4- 6 || total
---------------------------+-------+-------++-------
   Fire: Shortbow          |   123 |    73 ||   196
  Evoke: Wand              |       |     3 ||     3
    Use: Potion            |     2 |       ||     2
         Scroll            |     1 |     1 ||     2
 Armour: Leather armour    |    18 |       ||    18
         Ring mail         |     9 |    34 ||    43
  Dodge: Dodged            |    32 |    29 ||    61

Table legend:
 A = Non-vault XP
 B = Vault XP
 C = Vault XP percentage of total XP
 D = Non-vault monster count
 E = Vault monster count
 F = Vault count percentage of total count
                 A         B        C        D         E       F
            +---------+---------+-------+---------+---------+-------
      Total |     308 |      37 |  10.7 |      51 |       1 |   1.9
            +---------+---------+-------+---------+---------+-------
        D:1 |      50 |       0 |   0.0 |      29 |       0 |   0.0
        D:2 |     150 |      37 |  19.8 |      14 |       1 |   6.7
        D:3 |     108 |       0 |   0.0 |       8 |       0 |   0.0
            +---------+---------+-------+---------+---------+-------
